 Dungeon Crawl Stone Soup version 0.31.0-11-ge490571c62 (webtiles) character file.

Game seed: 6616830677165674310

92 SnakkuSnakku7 the Poker (level 4, -3/35 HPs)
             Began as a Merfolk Conjurer on Feb 1, 2024.
             Killed from afar by an orc wizard (5 damage)
             ... with a magic dart
             ... on level 3 of the Dungeon.
             The game lasted 00:03:55 (2492 turns).

SnakkuSnakku7 the Poker (Merfolk Conjurer)          Turns: 2492, Time: 00:03:55

Health: -3/35      AC:  3    Str:  9    XL:     4   Next: 60%
Magic:  7/7        EV: 12    Int: 17    God:
Gold:   172        SH:  0    Dex: 12    Spells: 6/7 levels left

rFire   . . .        a - +0 spear
rCold   . . .        (no shield)
rNeg    . . .        d - +0 robe
rPois   .            n - +0 helmet
rElec   .            (no cloak)
rCorr   .            (no gloves)
SInv    .            (no boots)
Will    .....        (no amulet)
Stlth   +            (no ring)
HPRegen 0.25/turn    (no ring)
MPRegen 0.10/turn

%: no passive effects
@: confused
A: (nimble swimmer 2), mertail
a: no special abilities


You were on level 3 of the Dungeon.
You visited 1 branch of the dungeon, and saw 3 of its levels.

You collected 172 gold pieces.

Inventory:

Hand Weapons
 a - a +0 spear (weapon)
Missiles
 r - a curare-tipped dart
Armour
 d - a +0 robe (worn)
 n - a +0 helmet (worn)
Jewellery
 s - a +6 ring of dexterity
Wands
 l - a wand of roots (12)
Scrolls
 c - a scroll of fog {unknown}
 h - a scroll of vulnerability {unknown}
 k - a scroll of noise {unknown}
 m - a scroll of fear {unknown}
 p - a scroll of blinking {unknown}
Potions
 b - a potion of magic
 e - 6 potions of heal wounds {unknown}
 f - a potion of enlightenment
 g - 2 potions of curing {unknown}
 i - a potion of invisibility {unknown}
 j - a potion of degeneration {unknown}
 o - a potion of resistance {unknown}
 q - a potion of lignification


   Skills:
 + Level 3.0 Fighting
 + Level 3.6 Polearms
 - Level 2.6 Dodging
 - Level 2.1 Stealth
 - Level 0.2 Unarmed Combat
 - Level 2.0 Spellcasting
 - Level 3.2 Conjurations


You had 6 spell levels left.
You knew the following spells:

 Your Spells              Type           Power      Damage    Failure   Level
a - Magic Dart            Conj           48%        1d5       4%          1

Your spell library contained the following spells:

 Spells                   Type           Power      Damage    Failure   Level
 Searing Ray              Conj           24%        2d5       8%          2
 Fulminant Prism          Conj/Alch      3%         3d5       69%         4
 Iskenderun's Mystic Bla  Conj/Tloc      7%         2d4       69%         4


Dungeon Overview and Level Annotations

Branches:
Dungeon (3/15)

Altars:

Shops:
D:2 [(

Annotations:
D:1 2 transporters


Innate Abilities, Weirdness & Mutations

((You are very nimble when in or above water. (Stealth+, EV+, Speed+++)))
Your lower body shifts to a powerful aquatic tail in water.


Message History

Something hits you.
You feel less confused.
You hear some strange, mumbled words.
You are confused.
You bump into the stone wall.
Something hits you.
A gnoll comes into view. It is wielding a +0 halberd.
Something hits you.
You bump into the stone wall.
The gnoll shouts!
You hear a shout!
You hear some strange, mumbled words.
You are more confused.
You hear some strange, mumbled words.
Something tries to affect you, but you resist.
A magic dart appears from out of thin air!
The magic dart hits you.
You hear some strange, mumbled words.
You are more confused.
You bump into the stone wall.
The gnoll shouts!
A giant cockroach comes into view.
A bombardier beetle comes into view.
The gnoll throws a throwing net.
The throwing net hits you.
You become entangled in the net!
You see here a throwing net.
You struggle against the net.
Something hits you.
You struggle against the net.
Something hits you. The gnoll barely misses you.
You struggle against the net.
The gnoll hits you from afar with a +0 halberd.
You hear some strange, mumbled words.
A magic dart appears from out of thin air!
The magic dart hits you.
* * * LOW HITPOINT WARNING * * *
You rip the net and break free!
The gnoll hits you from afar with a +0 halberd.
* * * LOW HITPOINT WARNING * * *
Something hits you.
* * * LOW HITPOINT WARNING * * *
The gnoll attacks as it pursues you! The gnoll barely misses you.
A magic dart appears from out of thin air!
The magic dart hits you.
You die...

...#.......##†
#..........###
#########..........# #
##.........B.....o..###
##.............##.o.....
#........g.....##.......
#........g.....##.......
#......g.{......)..##...
#....<.@.###...###.#....
#........#G#...#G#......
##.......###...###......
##..................#..
#####......_......>#..
#..............)..
#..###...###..#...
##.#G#...#G#..#...
#.###...###.##...


You could see a great orb of eyes, a bombardier beetle and 3 gnolls.

Vanquished Creatures
  An adder (D:2)
  A gnoll (D:3)
  A dart slug (D:1)
  9 orcs
  8 bats
  6 endoplasms
  3 giant cockroaches
  5 goblins
  4 hobgoblins
  2 quokkas (D:1)
  9 ball pythons
  2 frilled lizards
  4 kobolds
  4 rats
59 creatures vanquished.

Notes
Turn   | Place    | Note
-------+----------+-------------------------------------------
     0 | D:1      | SnakkuSnakku7 the Merfolk Conjurer began the quest for the
                  | Orb.
     0 | D:1      | Reached XP level 1. HP: 13/13 MP: 3/3
   109 | D:1      | Reached skill level 1 in Fighting
   109 | D:1      | Reached skill level 1 in Polearms
   117 | D:1      | Reached XP level 2. HP: 11/21 MP: 5/5
   944 | D:2      | Found Etrazuas's Antique Armour Emporium.
  1002 | D:2      | Reached XP level 3. HP: 19/27 MP: 1/6
  1018 | D:2      | Found Sueshil's Weapon Boutique.
  1739 | D:3      | Noticed a great orb of eyes
  1752 | D:3      | Found a faded altar of an unknown god.
  1754 | D:3      | Noticed a golden eye
  1755 | D:3      | Noticed a great orb of eyes
  1755 | D:3      | Noticed a great orb of eyes
  1829 | D:3      | Reached XP level 4. HP: 30/34 MP: 7/7
  1937 | D:3      | Noticed a black bear
  2492 | D:3      | Killed from afar by an orc wizard

Illustrated notes

Levels and vault maps discovered:
D:1:      spicycebolla_arrival_transporter_tutorial, layout_basic,
          minmay_distorted
D:2:      layout_basic, serial_shops, nicolae_shop_bloodbath_and_beyond,
          nicolae_shop_scrapyard, minmay_shallow_snake_nest
D:3:      layout_rooms, mainiacjoe_overflow_cross_hatched,
          hellmonk_ecumenical_altar_watching_god, item_on_display_a

Skill      XL: |  1  2  3  4 |
---------------+-------------+-----
Fighting       | 1 2 3 |  3.0
Polearms       | 1 2 3 |  3.6
Dodging        | |  2.6
Stealth        | |  2.1
Unarmed Combat | |  0.2
Spellcasting   | |  2.0
Conjurations   | |  3.2

Action                     |  1- 3 |  4- 6 || total
---------------------------+-------+-------++-------
  Melee: Spear             |   194 |    91 ||   285
         Unarmed           |     1 |       ||     1
         Punch             |     3 |       ||     3
  Throw: Dart              |       |     1 ||     1
   Cast: Magic Dart        |     6 |       ||     6
    Use: Scroll            |     2 |       ||     2
   Stab: Sleeping          |     7 |       ||     7
 Armour: Robe              |    87 |    77 ||   164
  Dodge: Dodged            |   121 |    74 ||   195
